| 
	| TOP OF THE 1ST | 
|---|
 
		| Midland RockHounds batting - Pitching for Frisco RoughRiders : RHP Eric Richards |  
		| Pitching: RHP Eric Richards |  |  
		| Batting: RHB Chris Bohm | 0-0: Ball 1-0: Foul Ball, location: 2F
 1-1: Ground out 5-3 (Groundball, 5S, EV 66.9 MPH)
 |  
		| Batting: RHB Chris Prinzing | 0-0: Called Strike 0-1: Ground out 6-3 (Groundball, 6, EV 87.5 MPH)
 |  
		| Batting: LHB Tom Raupp | 0-0: Ground out 6-3 (Groundball, 4, EV 87.5 MPH) |  
		| Top of the 1st over - 0 runs, 0 hits, 0 errors, 0 left on base; Midland 0 - Frisco 0 |  
	| BOTTOM OF THE 1ST | 
|---|
 
		| Frisco RoughRiders batting - Pitching for Midland RockHounds : LHP Adam Wood |  
		| Pitching: LHP Adam Wood |  |  
		| Batting: RHB Jason Ostrom | 0-0: SINGLE  (Groundball, 6MS, EV 76.9 MPH) (infield hit) |  
		| Batting: RHB Danny Odom | 0-0: Called Strike 0-1: Foul Ball, location: 2F
 0-2: Ball
 1-2: Ball
 2-2:  Fly out, F7  (Flyball, 78S, EV 95.0 MPH)
 |  
		| Batting: RHB Carlos Lopez | 0-0: Ball 1-0: Foul Ball, location: 2F
 1-1: SINGLE  (Flyball, 56D, EV 91.2 MPH)
 Jason Ostrom to second
 |  
		| Batting: RHB John Michener | 0-0: Ball 1-0: Ball
 2-0: Ball
 3-0: Called Strike
 3-1: Base on Balls
 Jason Ostrom to third
 Carlos Lopez to second
 |  
		| Batting: RHB Josh Whitmore | 0-0: Swinging Strike 0-1: Swinging Strike
 0-2: Ball
 1-2: Strikes out swinging
 |  
		| Batting: RHB Chance Lamb | 0-0: Ball 1-0: Ball
 2-0: Ground out U3 (Groundball, 34, EV 81.9 MPH)
 |  
		| Bottom of the 1st over - 0 runs, 2 hits, 0 errors, 3 left on base; Midland 0 - Frisco 0 |  
	| TOP OF THE 2ND | 
|---|
 
		| Midland RockHounds batting - Pitching for Frisco RoughRiders : RHP Eric Richards |  
		| Batting: LHB Chance Stever | 0-0: Foul Ball, location: 2F 0-1: Ball
 1-1: Ball
 2-1: Foul Ball, location: 2F
 2-2: Ball
 3-2: DOUBLE  (Line Drive, 7LS, EV 96.9 MPH)
 |  
		| Batting: RHB Matt Sherard | 0-0: SINGLE  (Line Drive, 7S, EV 92.5 MPH) Chance Stever to third
 |  
		| Batting: RHB Don Burt | 0-0: Ball Matt Sherard steals 2nd, throwing error, E2
 Chance Stever scores
 Matt Sherard to third
 1-0: Foul Ball, location: 2F
 1-1: Foul Ball, location: 2F
 1-2:  Fly out, F9  (Flyball, 89M, EV 96.9 MPH)
 Runner from 3rd tags up, SCORES, no throw by RF
 |  
		| Batting: RHB Micah Roth | 0-0: Ground out 5-3 (Groundball, 56S, EV 79.4 MPH) |  
		| Batting: LHB Jose Mojica | 0-0: Foul Ball, location: 2F 0-1: Swinging Strike
 0-2: Ball
 1-2: Strikes out swinging
 |  
		| Top of the 2nd over - 2 runs, 2 hits, 1 error, 0 left on base; Midland 2 - Frisco 0 |  
	| BOTTOM OF THE 2ND | 
|---|
 
		| Frisco RoughRiders batting - Pitching for Midland RockHounds : LHP Adam Wood |  
		| Batting: LHB Jody Hudson | 0-0: SINGLE  (Groundball, 56D, EV 102.5 MPH) |  
		| Batting: SHB Seung-ho Zhang | 0-0: Ball Jody Hudson steals 2nd base
 1-0: Called Strike
 1-1: Ball
 2-1: Ball
 3-1: Base on Balls
 |  
		| Batting: LHB Yoshinari Nara | 0-0: Ball 1-0: Called Strike
 1-1: Ball
 2-1: Foul Ball, location: 2F
 2-2: Foul Ball, location: 2F
 2-2: Foul Ball, location: 2F
 2-2: Ball
 3-2:  Fly out, F7  (Line Drive, 7D, EV 86.9 MPH)
 Runner from 2nd tags up, SAFE at 3rd, no throw by LF
 |  
		| Batting: RHB Jason Ostrom | 0-0:  3-RUN HOME RUN  (Flyball, 9LD, EV 92.5 MPH), Distance : 361 ft |  
		| Batting: RHB Danny Odom | 0-0: Ball 1-0: Ball
 2-0: Called Strike
 2-1: Ground out 5-3 (Groundball, 5, EV 82.5 MPH)
 |  
		| Batting: RHB Carlos Lopez | 0-0: Ball 1-0: Foul Ball, location: 2F
 1-1: Ball
 2-1: Foul Ball, location: 2F
 2-2: Strikes out swinging
 |  
		| Bottom of the 2nd over - 3 runs, 2 hits, 0 errors, 0 left on base; Midland 2 - Frisco 3 |  
	| TOP OF THE 3RD | 
|---|
 
		| Midland RockHounds batting - Pitching for Frisco RoughRiders : RHP Eric Richards |  
		| Batting: RHB Larry Clark | 0-0: Ball 1-0: Foul Ball, location: 2F
 1-1: Foul Ball, location: 2F
 1-2: Ball
 2-2: Hit by Pitch
 |  
		| Batting: RHB Chris Bohm | 0-0: Ball Larry Clark steals 2nd base
 1-0: Foul Ball, location: 2F
 1-1: Ball
 2-1: SINGLE  (Groundball, 4D, EV 108.1 MPH)
 Larry Clark to third
 Runner from 3rd tries for Home, SAFE, throw by CF to home
 |  
		| Batting: RHB Chris Prinzing | 0-0: Ball 1-0: Foul Ball, location: 2F
 1-1: Foul Ball, location: 2F
 1-2: SINGLE  (Line Drive, 9S, EV 98.8 MPH)
 Chris Bohm to second
 Runner from 2nd tries for 3rd, SAFE, throw by RF made to third
 |  
		| Batting: LHB Tom Raupp | 0-0: Called Strike 0-1: Ball
 1-1: Foul Ball, location: 2F
 1-2: Strikes out swinging
 |  
		| Batting: LHB Chance Stever | 0-0: Ball 1-0: Ball
 2-0: Ball
 3-0: Called Strike
 3-1: Base on Balls
 Chris Prinzing to second
 |  
		| Batting: RHB Matt Sherard | 0-0: Foul Ball, location: 2F 0-1: Grounds into double play, 6-4-3 (Groundball, 6, EV 84.4 MPH)
 |  
		| Top of the 3rd over - 1 run, 2 hits, 0 errors, 2 left on base; Midland 3 - Frisco 3 |  
	| BOTTOM OF THE 3RD | 
|---|
 
		| Frisco RoughRiders batting - Pitching for Midland RockHounds : LHP Adam Wood |  
		| Batting: RHB John Michener | 0-0: Called Strike 0-1: Foul Ball, location: 2F
 0-2: Foul Ball, location: 2F
 0-2: Ball
 1-2: Foul Ball, location: 2F
 1-2: Ball
 2-2:  Fly out, F8  (Flyball, 8LM, EV 90.6 MPH)
 |  
		| Batting: RHB Josh Whitmore | 0-0: Ball 1-0: Called Strike
 1-1: Foul Ball, location: 2F
 1-2: Strikes out looking
 |  
		| Batting: RHB Chance Lamb | 0-0: Swinging Strike 0-1: Called Strike
 0-2: Ball
 1-2: Foul Ball, location: 2F
 1-2: Ball
 2-2: Ball
 3-2: Strikes out swinging
 |  
		| Bottom of the 3rd over - 0 runs, 0 hits, 0 errors, 0 left on base; Midland 3 - Frisco 3 |  
	| TOP OF THE 4TH | 
|---|
 
		| Midland RockHounds batting - Pitching for Frisco RoughRiders : RHP Eric Richards |  
		| Batting: RHB Don Burt | 0-0: Called Strike 0-1: Ball
 1-1: Foul Ball, location: 2F
 1-2: Strikes out swinging
 |  
		| Batting: RHB Micah Roth | 0-0: Called Strike 0-1: Ball
 1-1: Ball
 2-1:  Fly out, F8  (Line Drive, 8RM, EV 91.9 MPH)
 |  
		| Batting: LHB Jose Mojica | 0-0: Called Strike 0-1: Ball
 1-1: Foul Ball, location: 2F
 1-2: Ball
 2-2: Foul Ball, location: 2F
 2-2: Strikes out swinging
 |  
		| Top of the 4th over - 0 runs, 0 hits, 0 errors, 0 left on base; Midland 3 - Frisco 3 |  
	| BOTTOM OF THE 4TH | 
|---|
 
		| Frisco RoughRiders batting - Pitching for Midland RockHounds : LHP Adam Wood |  
		| Batting: LHB Jody Hudson | 0-0: Swinging Strike 0-1: Foul Ball, location: 2F
 0-2: Foul Ball, location: 2F
 0-2:  Fly out, F9  (Line Drive, 9, EV 87.5 MPH)
 |  
		| Batting: SHB Seung-ho Zhang | 0-0: Ball 1-0: Ball
 2-0: Ball
 3-0: Base on Balls
 |  
		| Batting: LHB Yoshinari Nara | 0-0: Ball 1-0: Called Strike
 1-1: Foul Ball, location: 2F
 1-2: Strikes out swinging
 |  
		| Batting: RHB Jason Ostrom | 0-0: Called Strike Seung-ho Zhang steals 2nd base (no throw)
 0-1: Ball
 1-1: Called Strike
 1-2: Ball
 2-2: Strikes out swinging
 |  
		| Bottom of the 4th over - 0 runs, 0 hits, 0 errors, 1 left on base; Midland 3 - Frisco 3 |  
	| TOP OF THE 5TH | 
|---|
 
		| Midland RockHounds batting - Pitching for Frisco RoughRiders : RHP Eric Richards |  
		| Batting: RHB Larry Clark | 0-0: Ball 1-0: Called Strike
 1-1: Foul Ball, location: 2F
 1-2: SINGLE  (Line Drive, 9S, EV 105.0 MPH)
 |  
		| Batting: RHB Chris Bohm | 0-0: Ball 1-0: Called Strike
 Larry Clark is caught stealing 2nd base 2-4
 1-1: Foul Ball, location: 2F
 1-2: Strikes out looking
 |  
		| Batting: RHB Chris Prinzing | 0-0: Foul Ball, location: 2F 0-1:  Fly out, F6  (Popup, 6D, EV 66.9 MPH)
 |  
		| Top of the 5th over - 0 runs, 1 hit, 0 errors, 0 left on base; Midland 3 - Frisco 3 |  
	| BOTTOM OF THE 5TH | 
|---|
 
		| Frisco RoughRiders batting - Pitching for Midland RockHounds : LHP Adam Wood |  
		| Batting: RHB Danny Odom | 0-0: Ball 1-0: Foul Ball, location: 2F
 1-1: Ground out 6-3 (Groundball, 6M, EV 87.5 MPH)
 |  
		| Batting: RHB Carlos Lopez | 0-0: Ball 1-0: Ball
 2-0: Called Strike
 2-1:  Fly out, F7  (Line Drive, 78M, EV 92.5 MPH)
 |  
		| Batting: RHB John Michener | 0-0:  Fly out, F7  (Line Drive, 7, EV 92.5 MPH) |  
		| Bottom of the 5th over - 0 runs, 0 hits, 0 errors, 0 left on base; Midland 3 - Frisco 3 |  
	| TOP OF THE 6TH | 
|---|
 
		| Midland RockHounds batting - Pitching for Frisco RoughRiders : RHP Eric Richards |  
		| Batting: LHB Tom Raupp | 0-0: Called Strike 0-1: Foul Ball, location: 2F
 0-2:  Fly out, F7  (Flyball, 7LM, EV 95.6 MPH)
 |  
		| Batting: LHB Chance Stever | 0-0: Foul Ball, location: 2F 0-1: Called Strike
 0-2: SINGLE  (Line Drive, 8RS, EV 107.5 MPH)
 |  
		| Batting: RHB Matt Sherard | 0-0: Called Strike 0-1: Swinging Strike
 0-2: Ball
 1-2:  Fly out, F8  (Line Drive, 8RD, EV 104.4 MPH)
 |  
		| Batting: RHB Don Burt | 0-0: Ball 1-0: Foul Ball, location: 2F
 1-1: Ball
 2-1: Fielders Choice at 2nd, U6 (Groundball, 6M, EV 104.4 MPH)
 |  
		| Top of the 6th over - 0 runs, 1 hit, 0 errors, 1 left on base; Midland 3 - Frisco 3 |  
	| BOTTOM OF THE 6TH | 
|---|
 
		| Frisco RoughRiders batting - Pitching for Midland RockHounds : LHP Adam Wood |  
		| Pitching: LHP Alex Villagran |  |  
		| Batting: RHB Josh Whitmore | 0-0: Foul Ball, location: 2F 0-1: Foul Ball, location: 2F
 0-2: Foul Ball, location: 2F
 0-2:  Fly out, F9  (Line Drive, 9, EV 105.6 MPH)
 |  
		| Batting: RHB Chance Lamb | 0-0: Foul Ball, location: 2F 0-1: Foul Ball, location: 2F
 0-2: Foul Ball, location: 2F
 0-2: Ball
 1-2: Ground out 4-3 (Groundball, 4, EV 100.6 MPH)
 |  
		| Pinch Hitting: RHB Jorge Benites | 0-0: Foul Ball, location: 2F 0-1: Ball
 1-1: Swinging Strike
 1-2: Strikes out swinging
 |  
		| Bottom of the 6th over - 0 runs, 0 hits, 0 errors, 0 left on base; Midland 3 - Frisco 3 |  
	| TOP OF THE 7TH | 
|---|
 
		| Midland RockHounds batting - Pitching for Frisco RoughRiders : RHP Eric Richards |  
		| Now at 1B: Jim Pankratz |  |  
		| Batting: RHB Micah Roth | 0-0: Ball 1-0:  Fly out, F8  (Flyball, 8LM, EV 91.2 MPH)
 |  
		| Batting: LHB Jose Mojica | 0-0: Called Strike 0-1: Called Strike
 0-2: Strikes out swinging
 |  
		| Batting: RHB Larry Clark | 0-0:  Fly out, F7  (Line Drive, 78M, EV 100.0 MPH) |  
		| Top of the 7th over - 0 runs, 0 hits, 0 errors, 0 left on base; Midland 3 - Frisco 3 |  
	| BOTTOM OF THE 7TH | 
|---|
 
		| Frisco RoughRiders batting - Pitching for Midland RockHounds : LHP Alex Villagran |  
		| Pitching: RHP Carlos Alaniz |  |  
		| Batting: SHB Seung-ho Zhang | 0-0: Foul Ball, location: 2F 0-1: Ball
 1-1: Ball
 2-1: Ball
 3-1: Called Strike
 3-2: Foul Ball, location: 2F
 3-2: DOUBLE  (Line Drive, 3D, EV 96.9 MPH)
 |  
		| Batting: LHB Yoshinari Nara | 0-0: Ball 1-0: Ball
 2-0: Ball
 3-0: Called Strike
 3-1: DOUBLE  (Line Drive, 9LS, EV 111.2 MPH)
 Seung-ho Zhang scores
 |  
		| Batting: RHB Jason Ostrom | 0-0: Ball 1-0: Ball
 2-0: Foul Ball, location: 2F
 2-1: SINGLE  (Groundball, 6MS, EV 63.8 MPH) (infield hit)
 Yoshinari Nara to third
 |  
		| Batting: RHB Danny Odom | 0-0: Ball 1-0: SINGLE  (Line Drive, 6D, EV 101.2 MPH)
 Yoshinari Nara scores
 Jason Ostrom to second
 |  
		| Batting: RHB Carlos Lopez | 0-0: Ball 1-0: Foul Ball, location: 2F
 1-1: Ball
 2-1: Ball
 3-1: Called Strike
 3-2: Foul Ball, location: 2F
 3-2: Strikes out looking
 |  
		| Batting: RHB John Michener | 0-0: Ball 1-0: Foul Ball, location: 2F
 1-1:  Fly out, F7  (Flyball, 7S, EV 81.2 MPH)
 |  
		| Batting: RHB Josh Whitmore | 0-0: Ball Danny Odom steals 2nd base
 Jason Ostrom steals 3rd base
 1-0: Swinging Strike
 1-1: Called Strike
 1-2:  3-RUN HOME RUN  (Line Drive, 8RXD, EV 116.9 MPH), Distance : 466 ft
 |  
		| Pitching: RHP John Shutt |  |  
		| Batting: RHB Chance Lamb | 0-0: Ball 1-0: Swinging Strike
 1-1: Ball
 2-1: TRIPLE  (Flyball, 8RXD, EV 94.4 MPH)
 |  
		| Batting: LHB Jim Pankratz | 0-0: Ball 1-0: Foul Ball, location: 2F
 1-1: Ball
 2-1: Called Strike
 2-2: Ground out 5-3 (Groundball, 56S, EV 86.9 MPH)
 |  
		| Bottom of the 7th over - 5 runs, 6 hits, 0 errors, 1 left on base; Midland 3 - Frisco 8 |  
	| TOP OF THE 8TH | 
|---|
 
		| Midland RockHounds batting - Pitching for Frisco RoughRiders : RHP Eric Richards |  
		| Batting: RHB Chris Bohm | 0-0: Ball 1-0: Ball
 2-0: Ball
 3-0: Called Strike
 3-1: Called Strike
 3-2: Base on Balls
 |  
		| Batting: RHB Chris Prinzing | 0-0: Ball 1-0: SINGLE  (Line Drive, 34D, EV 94.4 MPH)
 Chris Bohm to second
 Runner from 2nd tries for 3rd, SAFE, throw by RF made to third
 |  
		| Batting: LHB Tom Raupp | 0-0: Foul Ball, location: 2F 0-1: Ball
 1-1: Called Strike
 1-2: Grounds into double play, 4-6-3 (Groundball, 34D, EV 89.4 MPH)
 Chris Bohm scores
 |  
		| Batting: LHB Chance Stever | 0-0: Ball 1-0: Foul Ball, location: 2F
 1-1: Called Strike
 1-2: Ball
 2-2: Strikes out swinging
 |  
		| Top of the 8th over - 1 run, 1 hit, 0 errors, 0 left on base; Midland 4 - Frisco 8 |  
	| BOTTOM OF THE 8TH | 
|---|
 
		| Frisco RoughRiders batting - Pitching for Midland RockHounds : RHP John Shutt |  
		| Batting: SHB Seung-ho Zhang | 0-0: Ball 1-0: SINGLE  (Groundball, 5S, EV 61.9 MPH) (infield hit)
 |  
		| Batting: LHB Yoshinari Nara | 0-0: Called Strike 0-1: Foul Ball, location: 2F
 0-2: Ball
 1-2: Strikes out swinging
 |  
		| Batting: RHB Jason Ostrom | 0-0: Called Strike 0-1: Ball
 Seung-ho Zhang steals 2nd base
 1-1: Called Strike
 Seung-ho Zhang steals 3rd base (no throw)
 1-2: Ground out 5-3 (Groundball, 56S, EV 88.1 MPH)
 Seung-ho Zhang scores
 |  
		| Batting: RHB Danny Odom | 0-0: Called Strike 0-1: Called Strike
 0-2: Ball
 1-2: Foul Ball, location: 2F
 1-2: Ground out 1-3 (Groundball, 13, EV 65.0 MPH)
 |  
		| Bottom of the 8th over - 1 run, 1 hit, 0 errors, 0 left on base; Midland 4 - Frisco 9 |  
	| TOP OF THE 9TH | 
|---|
 
		| Midland RockHounds batting - Pitching for Frisco RoughRiders : RHP Eric Richards |  
		| Batting: RHB Matt Sherard | 0-0: Called Strike 0-1: Ball
 1-1: Foul Ball, location: 2F
 1-2: Ground out 5-3 (Groundball, 5S, EV 84.4 MPH)
 |  
		| Batting: RHB Don Burt | 0-0: Called Strike 0-1: Called Strike
 0-2: Foul Ball, location: 2F
 0-2: Ball
 1-2: Hit by Pitch
 |  
		| Batting: RHB Micah Roth | 0-0: Ball 1-0: Foul Ball, location: 2F
 1-1: Ball
 2-1: Foul Ball, location: 2F
 2-2: Foul Ball, location: 2F
 2-2: Ball
 3-2: Foul Ball, location: 2F
 3-2:  Fly out, F7  (Line Drive, 78D, EV 91.2 MPH)
 |  
		| Pitching: RHP Matt Stutzman |  |  
		| Batting: LHB Jose Mojica | 0-0: Called Strike 0-1: Ball
 1-1: Ball
 2-1: Swinging Strike
 2-2: Strikes out swinging
 |  
		| Top of the 9th over - 0 runs, 0 hits, 0 errors, 1 left on base; Midland 4 - Frisco 9 |  |